 Dungeon Crawl Stone Soup version 0.22-a0-596-gfbd32a6 (webtiles) character file.

767 wellist the Chopper (level 7, -5/62 HPs)
             Began as a Hill Orc Fighter on July 5, 2018.
             Was an Initiate of Trog.
             Slain by a killer bee (6 damage)
             ... on level 6 of the Dungeon on July 6, 2018.
             The game lasted 00:18:11 (6044 turns).

wellist the Chopper (Hill Orc Fighter)              Turns: 6044, Time: 00:18:12

Health: -5/62      AC:  7    Str: 24    XL:     7   Next: 82%
Magic:  7/7        EV:  8    Int:  8    God:    Trog [......]
Gold:   189        SH: 10    Dex: 10    Spells: 6/6 levels left

rFire    + . .     SeeInvis .   x - +4 mace "Molaottu" {crush, rElec rF+ Str+3}
rCold    . . .     Gourm    .   c - +0 shield
rNeg     . . .     Faith    .   b - +0 scale mail
rPois    .         Spirit   .   (no helmet)
rElec    +         Reflect  .   (no cloak)
rCorr    .         Harm     .   (no gloves)
MR       .....                  (no boots)
Stlth    ..........             (no amulet)
HPRegen  0.20/turn              (no ring)
MPRegen  0.10/turn              (no ring)

@: lethally poisoned (-5 -> -26)
A: no striking features
a: Renounce Religion


You were on level 6 of the Dungeon.
You worshipped Trog.
Trog was noncommittal.
You were not hungry.

You visited 2 branches of the dungeon, and saw 7 of its levels.

You collected 237 gold pieces.
You spent 48 gold pieces at shops.

Inventory:

Hand Weapons
 a - a +0 war axe
 x - the +4 mace "Molaottu" (weapon) {crush, rElec rF+ Str+3}
   (You found it on level 5 of the Dungeon)

   It inflicts extra damage upon your enemies.
   It affects your strength (+3).
   It protects you from fire.
   It insulates you from electricity.
Armour
 b - a +0 scale mail (worn)
 c - a +0 shield (worn)
Jewellery
 i - an uncursed ring of protection from fire {unknown}
 s - an uncursed amulet of faith {unknown}
 t - an uncursed ring of protection from fire {unknown}
Wands
 y - a wand of random effects (31)
Scrolls
 e - 5 scrolls of teleportation {unknown}
 g - 2 scrolls of remove curse {unknown}
 j - a scroll of fear {unknown}
 l - 4 scrolls of identify {unknown}
 n - a scroll of noise {unknown}
 v - a scroll of amnesia {unknown}
 w - a scroll of magic mapping {unknown}
Potions
 d - 2 potions of might
 h - 6 potions of curing
 k - a potion of invisibility {unknown}
 m - 3 potions of flight {unknown}
 o - 2 potions of mutation {unknown}
 p - a potion of lignification {unknown}
 q - 2 potions of agility {unknown}
 r - a potion of ambrosia {unknown}
 u - a potion of haste {unknown}
Comestibles
 f - 9 rations


   Skills:
 * Level 5.7 Fighting
 * Level 7.6(7.7) Axes
 - Level 0.8(4.0) Maces & Flails
 * Level 5.5 Armour
 - Level 0.8 Dodging
 - Level 0.3 Stealth
 + Level 4.2 Shields


You had 6 spell levels left.
You didn't know any spells.
Your spell library was empty.

Dungeon Overview and Level Annotations

Branches:
Dungeon (6/15)             Temple (1/1) D:5

Altars:
Ashenzari
Cheibriados
Dithmenos
Elyvilon
Gozag
Hepliaklqana
Kikubaaqudgha
Okawaru
Ru
Sif Muna
Trog
Uskayaw
Vehumet
Wu Jian
Xom
Yredelemnul
Zin
The Shining One

Shops:
D:4 !   D:5 %}(


Message History

The killer bee poisons you! The killer bee stings you.
* * * LOW HITPOINT WARNING * * *
The hound skeleton barely misses you. You block the killer bee's attack.
The killer bee stings you.
* * * LOW HITPOINT WARNING * * *
The killer bee closely misses you. The hound skeleton barely misses you.
You hit the killer bee.
The killer bee is almost dead.
* * * LOW HITPOINT WARNING * * *
You feel sick.
The killer bee stings you but does no damage.
The killer bee closely misses you. The killer bee stings you.
* * * LOW HITPOINT WARNING * * *
The killer bee barely misses you. The killer bee stings you!
* * * LOW HITPOINT WARNING * * *
You are more poisoned.
The killer bee poisons you! The killer bee stings you.
* * * LOW HITPOINT WARNING * * *
You block the hound skeleton's attack. The killer bee stings you.
You die...

./.....## ..
.......##.##
.........<.
#..........
#....).....
#........
#.yyy.#
#@Z.# ##..#
#...# .#....
# #.. ?


You could see 3 killer bees and a hound skeleton.

Vanquished Creatures
  A sky beast (D:5)
  An ogre (D:5)
  A phantom (D:5)
  3 scorpions (D:4)
  A bullfrog skeleton (D:4)
  A centaur skeleton (D:5)
  An orc wizard (D:5)
  4 worker ants
  A hound skeleton (D:4)
  5 adders
  2 gnolls
  A shadow imp (D:5)
  An ooze (D:4)
  A worm (D:5)
  4 dart slugs
  3 leopard geckos
  8 orcs
  3 giant cockroaches
  7 goblins
  7 hobgoblins
  4 jackals (D:5)
  2 quokkas (D:4)
  2 ball pythons (D:3)
  6 bats
  4 frilled lizards
  A jackal skeleton (D:4)
  5 kobolds
  A leopard gecko skeleton (D:4)
  5 rats
  A spectral orc (D:4)
87 creatures vanquished.

Vanquished Creatures (others)
  A quokka (D:3)
1 creature vanquished.

Grand Total: 88 creatures vanquished

Notes
Turn   | Place    | Note
-------+----------+-------------------------------------------
     0 | D:1      | wellist the Hill Orc Fighter began the quest for the Orb.
     0 | D:1      | Reached XP level 1. HP: 19/19 MP: 1/1
   282 | D:1      | Reached XP level 2. HP: 27/27 MP: 2/2
   466 | D:1      | Reached skill level 3 in Axes
   649 | D:1      | Reached XP level 3. HP: 31/33 MP: 3/3
  1383 | D:2      | Reached XP level 4. HP: 40/40 MP: 4/4
  1612 | D:2      | Found a glowing silver altar of Zin.
  1724 | D:3      | Found a bloodstained altar of Trog.
  1835 | D:3      | Found a hide-covered altar of Uskayaw.
  2240 | D:3      | Found an ancient bone altar of Kikubaaqudgha.
  2268 | D:3      | Found a white marble altar of Elyvilon.
  2458 | D:3      | Reached skill level 4 in Axes
  2654 | D:4      | Reached XP level 5. HP: 42/47 MP: 5/5
  2725 | D:4      | Found Gure Isi's Distillery.
  2732 | D:4      | Bought a potion of degeneration for 12 gold pieces
  2732 | D:4      | Bought a potion of curing for 36 gold pieces
  2800 | D:4      | Reached skill level 5 in Axes
  3088 | D:4      | Reached XP level 6. HP: 50/53 MP: 6/6
  3100 | D:4      | Reached skill level 6 in Axes
  3170 | D:4      | Found a shattered altar of Ashenzari.
  3724 | D:4      | Found a basalt altar of Yredelemnul.
  3782 | D:5      | Entered Level 5 of the Dungeon
  3827 | D:5      | Reached skill level 5 in Armour
  3934 | D:5      | Reached XP level 7. HP: 56/60 MP: 7/7
  4185 | D:5      | Found Rizuot Tinn's Food Shop.
  4204 | D:5      | Reached skill level 5 in Fighting
  4206 | D:5      | Reached skill level 7 in Axes
  4665 | D:5      | Got a dazzling mace
  4666 | D:5      | Identified the +4 mace "Molaottu" {crush, rElec rF+ Str+3} (You found it on level 5 of the Dungeon)
  4706 | D:5      | Found Povvy's Gadget Emporium.
  4721 | D:5      | Found a staircase to the Ecumenical Temple.
  4755 | Temple   | Entered the Ecumenical Temple
  5230 | D:3      | Became a worshipper of Trog the Wrathful
  5334 | D:5      | Found Udoidokh's Antique Weapon Shoppe.
  5372 | D:5      | Found a radiant altar of Vehumet.
  5373 | D:5      | Found an iron altar of Okawaru.
  6044 | D:6      | HP: 3/62 [killer bee (7)]
  6044 | D:6      | HP: 1/62 [killer bee (2)]
  6044 | D:6      | Slain by a killer bee

Vault maps used:
D:1:      dpeg_arrival_central, minmay_tetromino_o2
D:2:      lemuel_coloured_pillars_altar, minmay_box_of_dots
D:3:      kb_forest_paths, lemuel_crystal_altar, elyvilon_altar_4,
          lemuel_round_altar, lemuel_crystal_altar
D:4:      evilmike_ruin_ashenzari, yredelemnul_forgotten_temple_becter,
          serial_shops, shop
D:5:      nicolae_overflow_hidden_temple, temple_statues, serial_shops,
          kennysheep_little_box, nicolae_shop_crystal, nicolae_shop_trees,
          first_ration
D:6:      kennysheep_steamy, makhleb_blood_cavern_becter, lemuel_round_altar,
          serial_undead, serial_undead_d, serial_undead_b, serial_undead_f,
          serial_undead_a, hangedman_abyss_or_decor_passed
Temple:   compressed_dpeg_triangle_lava_temple

Skill      XL: |  1  2  3  4  5  6  7 |
---------------+----------------------+-----
Fighting       | 4 5 |  5.7
Axes           | 3 4 5 6 7 |  7.6
Armour         | 4 5 |  5.5
Shields        | 4 |  4.2
Maces & Flails | |  0.8
Dodging        | |  0.8
Stealth        | |  0.3

Action                   |  1- 3 |  4- 6 |  7- 9 || total
-------------------------+-------+-------+-------++-------
Melee: War axe           |    92 |   237 |    29 ||   358
       Mace              |       |       |    50 ||    50
  Eat: Chunk             |     2 |     8 |     2 ||    12
       Ration            |       |       |     2 ||     2
Armor: Scale mail        |    40 |    98 |    38 ||   176
Dodge: Dodged            |    24 |    83 |    24 ||   131
Block: Shield            |    47 |   134 |    33 ||   214

Table legend:
 A = Spawn XP
 B = Non-spawn XP
 C = Spawn XP percentage of total XP
 D = Spawn monster count
 E = Non-spawn monster count
 F = Spawn count percentage of total count
 G = Total turns spent on level
                    A         B        C        D         E        F      G
               +---------+---------+-------+---------+---------+-------+---------
         Total |       0 |    1097 |   0.0 |       0 |      87 |   0.0 |  6044
               +---------+---------+-------+---------+---------+-------+---------
           D:1 |       0 |      36 |   0.0 |       0 |      14 |   0.0 |   987
           D:2 |       0 |      55 |   0.0 |       0 |      18 |   0.0 |   833
           D:3 |       0 |      59 |   0.0 |       0 |      18 |   0.0 |   972
           D:4 |       0 |     374 |   0.0 |       0 |      18 |   0.0 |  1217
           D:5 |       0 |     573 |   0.0 |       0 |      19 |   0.0 |  1687
               +---------+---------+-------+---------+---------+-------+---------
